 Dungeon Crawl Stone Soup version 0.22.1-1-ga44c0e56f4 (webtiles) character file.

4958 AlolanVulpixel the Spear-Bearer (level 10, -2/80 HPs)
             Began as a Demonspawn Chaos Knight on Oct 11, 2018.
             Slain by Snorg (7 damage)
             ... on level 1 of the Orcish Mines.
             The game lasted 00:25:53 (8257 turns).

AlolanVulpixel the Spear-Bearer (DsCK)              Turns: 8257, Time: 00:25:53

Health: -2/80      AC: 17    Str: 16    XL:     10   Next: 28%
Magic:  14/14      EV:  6    Int: 13    God:    Xom [....*.]
Gold:   951        SH:  0    Dex: 13    Spells: 14/14 levels left

rFire    + + +     SeeInvis .   s - +2 glaive (venom)
rCold    + . .     Gourm    .   (shield currently unavailable)
rNeg     . . .     Faith    .   u - +0 plate armour
rPois    .         Spirit   .   (no helmet)
rElec    .         Reflect  .   k - scarf {rC+ rF+}
rCorr    .         Harm     .   g - +0 pair of gloves
MR       +....                  j - +0 pair of boots
Stlth    ..........             (no amulet)
HPRegen  0.63/turn              h - ring of fire
MPRegen  0.14/turn              b - ring of Heresy {rF+ rC+ Slay+3}

@: no status effects
A: thin metallic scales 1, demonic guardian 1, foul stench 1, magic resistance
1, sense surroundings 1, regeneration 1, rot immunity
a: Renounce Religion


You were on level 1 of the Orcish Mines.
You worshipped Xom.
You were a beloved toy of Xom.
You were not hungry.

You visited 3 branches of the dungeon, and saw 11 of its levels.

You collected 951 gold pieces.

Inventory:

Hand Weapons
 a - a +3 spear of venom
 s - a +2 glaive of venom (weapon)
Armour
 g - a +0 pair of gloves (worn)
 j - a +0 pair of boots (worn)
 k - a scarf of resistance (worn)
 u - a +0 plate armour (worn)
Jewellery
 b - the ring of Heresy (right hand) {rF+ rC+ Slay+3}
   (Xom gifted it to you on level 8 of the Dungeon)

   [ring of protection from fire]

   It affects your accuracy and damage with ranged weapons and melee attacks
   (+3).
   It protects you from fire.
   It protects you from cold.
 h - a ring of fire (left hand)
Wands
 n - a wand of polymorph (4)
 o - a wand of flame (20)
 p - a wand of random effects (27)
Scrolls
 e - a scroll of teleportation
 f - a scroll of amnesia
 l - 5 scrolls of remove curse
 q - 2 scrolls of fear
 r - 2 scrolls of identify
 t - a scroll of fog
Potions
 d - 2 potions of flight
 i - 2 potions of magic
 m - a potion of agility
Comestibles
 c - 9 rations


   Skills:
 + Level 7.9 Fighting
 + Level 9.0 Polearms
 + Level 3.1 Throwing
 + Level 6.6 Armour
 + Level 4.0 Dodging
 + Level 4.9 Stealth
 + Level 3.0 Unarmed Combat
 + Level 2.9 Spellcasting
 + Level 3.2 Evocations


You had 14 spell levels left.
You didn't know any spells.
Your spell library was empty.

Dungeon Overview and Level Annotations

Branches:
Dungeon (9/15)             Temple (1/1) D:6             Orc (1/2) D:9
   Lair: D:8-11

Altars:
Ashenzari
Cheibriados
Dithmenos
Elyvilon
Fedhas
Gozag
Hepliaklqana
Kikubaaqudgha
Makhleb
Nemelex Xobeh
Okawaru
Qazlal
Ru
Sif Muna
Trog
Uskayaw
Vehumet
Wu Jian
Xom
Yredelemnul
Zin
The Shining One

Shops:
D:4 *?   D:5 (   D:8 *

Annotations:
Orc:1 Snorg


Innate Abilities, Weirdness & Mutations

You are partially covered in thin metallic scales. (AC +2)
A weak demonic guardian rushes to your aid.
You may emit foul miasma when damaged in melee.
You are immune to rotting.
You are resistant to hostile enchantments. (MR+)
You passively map a small area around you.
Your natural rate of healing is unusually fast.


Message History

The orc closely misses you.
Snorg is engulfed in dark miasma.
Snorg looks as sick as possible!
Snorg barely misses you. Snorg claws you!
* * * LOW HITPOINT WARNING * * *
Snorg claws you but does no damage.
Your shadow imp closely misses the orc warrior.
The orc warrior hits you with a short sword!
* * * LOW HITPOINT WARNING * * *
The orc hits you but does no damage.
Okay, then.
As you read the scroll of fear, it crumbles to dust.
You assume a fearsome visage.
The troll looks frightened!
Your shadow imp is unaffected.
The orc warrior looks frightened!
The orc looks frightened! x2
The orc wizard looks frightened!
Snorg is engulfed in dark miasma.
Snorg looks as sick as possible!
Snorg bites you but does no damage. Snorg claws you!
* * * LOW HITPOINT WARNING * * *
Snorg claws you!
You die...
Xom guffaws!

, * , , * *
* * , * * ,
### , ##.)##
,#.###5...##
, #TT@o)...#
##oo##....#
,#.o$# ##..#
* #.)### ...
#.. * ,.#
#.. , , #
##* , , , *


You could see Snorg (berserk), a troll (fleeing), an orc warrior (fleeing), an
orc wizard (fleeing), 2 orcs and a friendly shadow imp.

Vanquished Creatures
  A two-headed ogre (D:9)
  A hippogriff (D:8)
  A hungry ghost (D:9)
  A water moccasin (D:8)
  An ice beast (D:7)
  An orc warrior (D:6)
  A necrophage (D:5)
  2 phantoms
  A black bear (D:9)
  2 ogres
  A boggart (D:7)
  4 centaurs
  A bullfrog (D:6)
  A big kobold (D:8)
  14 killer bees (D:9)
  4 wights (D:6)
  2 howler monkeys (D:7)
  2 crimson imps
  A bullfrog zombie (D:7)
  7 hounds
  5 jellies
  2 centaur skeletons (D:5)
  3 orc priests
  A bullfrog skeleton (D:8)
  An iron imp (D:8)
  2 iguanas
  14 orc wizards
  2 worker ants
  A worker ant (shapeshifter) (D:9)
  3 gnolls (D:3)
  6 adders
  3 shadow imps
  An ooze (D:5)
  An adder zombie (D:6)
  2 adder skeletons
  2 worms (D:3)
  4 dart slugs
  8 leopard geckos
  30 orcs
  2 ball pythons
  10 giant cockroaches
  5 goblins
  8 hobgoblins
  4 jackals (D:2)
  15 kobolds
  4 quokkas
  A ball python skeleton (D:4)
  8 bats
  5 frilled lizards
  A leopard gecko skeleton (D:4)
  A leopard gecko zombie (D:9)
  7 rats
211 creatures vanquished.

Vanquished Creatures (collateral kills)
  A queen bee (D:9)
  An ogre (D:4)
  A centaur (D:7)
  2 killer bees (D:9)
  A crimson imp (D:7)
  2 jellies
  7 orcs
  A frilled lizard (D:6)
16 creatures vanquished.

Vanquished Creatures (others)
  An orc wizard (D:4)
  A worker ant (D:5)
  A quokka (D:6)
3 creatures vanquished.

Grand Total: 230 creatures vanquished

Notes
Turn   | Place    | Note
-------+----------+-------------------------------------------
     0 | D:1      | AlolanVulpixel the Demonspawn Chaos Knight began the quest
                  | for the Orb.
     0 | D:1      | Reached XP level 1. HP: 18/18 MP: 1/1
    91 | D:1      | XOM: harmless Tmut miscast
   184 | D:1      | Gained mutation: You are immune to rotting. [demonic
                  | ancestry]
   184 | D:1      | Reached XP level 2. HP: 24/24 MP: 2/2
   248 | D:1      | XOM: enchant monster (bad)
   250 | D:1      | Reached skill level 3 in Polearms
   519 | D:1      | Gained mutation: A weak demonic guardian rushes to your
                  | aid. [demonic ancestry]
   519 | D:1      | Reached XP level 3. HP: 30/30 MP: 3/3
   546 | D:1      | XOM: mild Hex miscast
   813 | D:1      | XOM: harmless Fire miscast
   837 | D:2      | XOM: noise
  1001 | D:2      | Reached skill level 1 in Dodging
  1055 | D:2      | Found a shimmering altar of Xom.
  1056 | D:2      | Found a shimmering altar of Xom.
  1057 | D:2      | Found a shimmering altar of Xom.
  1068 | D:2      | Found a shimmering altar of Xom.
  1127 | D:2      | XOM: 3-stop teleportation journey
  1563 | D:2      | Gained mutation: You may emit foul miasma when damaged in
                  | melee. [demonic ancestry]
  1563 | D:2      | Reached XP level 4. HP: 25/37 MP: 4/4
  1580 | D:3      | XOM: stealth player
  1818 | D:3      | XOM: smoke on damage
  1828 | D:3      | Reached skill level 4 in Polearms
  1828 | D:3      | Reached skill level 1 in Stealth
  1923 | D:3      | Reached XP level 5. HP: 42/42 MP: 5/5
  2086 | D:3      | Reached skill level 6 in Polearms
  2086 | D:3      | Reached XP level 6. HP: 53/53 MP: 5/10
  2151 | D:4      | XOM: noise
  2229 | D:4      | Found Peollepn's Magic Scroll Boutique.
  2248 | D:4      | XOM: summons friendly iron imp
  2276 | D:4      | XOM: summons 2 hostile demons
  2458 | D:4      | Gained mutation: You are partially covered in thin metallic
                  | scales. (AC +2) [demonic ancestry]
  2458 | D:4      | Reached XP level 7. HP: 59/59 MP: 11/11
  2516 | D:4      | Found Zin's Purification Station.
  2521 | D:4      | Found a glowing silver altar of Zin.
  2677 | D:4      | XOM: 2-stop teleportation journey
  3114 | D:4      | XOM: give mutations
  3114 | D:4      | Gained mutation: Your mind is acute. (Int +2) [Xom's grace]
  3114 | D:4      | Gained mutation: You are resistant to electric shocks.
                  | (rElec) [Xom's grace]
  3393 | D:5      | Entered Level 5 of the Dungeon
  3439 | D:5      | XOM: mild Hex miscast
  3643 | D:5      | Found a deep blue altar of Sif Muna.
  3769 | D:5      | Found a sacrificial altar of Ru.
  3787 | D:5      | Found Qaaduu's Antique Weapon Shop.
  3896 | D:5      | XOM: divine lightning
  3921 | D:5      | XOM: medium Necr miscast
  4009 | D:5      | XOM: summons 2 friendly demons
  4059 | D:5      | Found a burning altar of Makhleb.
  4059 | D:5      | Noticed a balrug
  4062 | D:5      | Noticed a hellwing
  4062 | D:5      | Noticed a hellwing
  4183 | D:5      | XOM: give mutation
  4183 | D:5      | Gained mutation: Your muscles are strong. (Str +2) [Xom's
                  | grace]
  4374 | D:6      | Found a white marble altar of Elyvilon.
  4461 | D:6      | XOM: confusion
  4466 | D:6      | XOM: butterfly on damage
  4474 | D:6      | XOM: mild Tloc miscast
  4484 | D:6      | XOM: 1-stop teleportation journey
  4506 | D:6      | Reached XP level 8. HP: 39/65 MP: 12/12
  4519 | D:6      | XOM: harmless Pois miscast
  4797 | D:6      | Found a staircase to the Ecumenical Temple.
  4875 | D:6      | XOM: 2-stop teleportation journey
  4887 | D:6      | Reached skill level 7 in Polearms
  4937 | D:6      | XOM: noise
  4942 | D:6      | XOM: give mutation
  4942 | D:6      | Gained mutation: Your spells are a little harder to cast,
                  | but a little more powerful. [Xom's mischief]
  4957 | D:6      | Reached skill level 5 in Armour
  4957 | D:6      | XOM: noise
  5221 | D:6      | XOM: draining
  5400 | D:6      | XOM: summons 4 hostile demons
  5401 | D:6      | Noticed a soul eater
  5430 | D:6      | XOM: mild Tloc miscast
  5542 | D:6      | XOM: mild Erth miscast
  5628 | D:6      | XOM: harmless Summ miscast
  5685 | Temple   | Entered the Ecumenical Temple
  5811 | D:7      | XOM: enchant monster (bad)
  5831 | D:7      | XOM: enchant monster (bad)
  5917 | D:7      | XOM: harmless Air miscast
  6219 | D:7      | XOM: harmless Erth miscast
  6224 | D:7      | XOM: give mutation
  6224 | D:7      | Lost mutation: Your spells are a little harder to cast, but
                  | a little more powerful. [Xom's mischief]
  6287 | D:7      | XOM: polymorph white imp -> ufetubus
  6292 | D:7      | Reached XP level 9. HP: 48/72 MP: 13/13
  6360 | D:7      | XOM: noise
  6476 | D:7      | Found an ancient bone altar of Kikubaaqudgha.
  6731 | D:8      | XOM: mild Conj miscast
  6804 | D:8      | Found a shimmering altar of Xom.
  6826 | D:8      | XOM: divination: detect creatures
  6911 | D:8      | XOM: divination: magic mapping
  6927 | D:8      | Lost mutation: You are resistant to electric shocks.
                  | (rElec) [potion of mutation]
  6927 | D:8      | Lost mutation: Your mind is acute. (Int +2) [potion of
                  | mutation]
  6927 | D:8      | Lost mutation: Your muscles are strong. (Str +2) [potion of
                  | mutation]
  6927 | D:8      | Gained mutation: You passively map a small area around you.
                  | [potion of mutation]
  6927 | D:8      | Gained mutation: You are resistant to hostile enchantments.
                  | (MR+) [potion of mutation]
  6927 | D:8      | Gained mutation: Your natural rate of healing is unusually
                  | fast. [potion of mutation]
  6961 | D:8      | XOM: smoke on damage
  7083 | D:8      | XOM: god gift: warped silver ring {god gift}
  7084 | D:8      | Got a warped silver ring {god gift}
  7085 | D:8      | Identified the ring of Heresy {rF+ rC+ Slay+3} (Xom gifted
                  | it to you on level 8 of the Dungeon)
  7128 | D:8      | XOM: divination: magic mapping
  7223 | D:8      | XOM: god gift: 490 gold pieces
  7244 | D:8      | XOM: medium Necr miscast
  7311 | D:8      | Found Faergh's General Store.
  7427 | D:9      | XOM: noise
  7448 | D:9      | XOM: polymorph killer bee -> jelly
  7469 | D:9      | Reached skill level 8 in Polearms
  7472 | D:9      | XOM: polymorph killer bee -> adder
  7596 | D:8      | XOM: mild Erth miscast
  7618 | D:9      | Noticed a queen bee
  7623 | D:9      | Killed a queen bee
  7636 | D:9      | Reached XP level 10. HP: 79/79 MP: 14/14
  7762 | D:9      | Found an ornate altar of the Wu Jian Council.
  7849 | D:9      | Noticed a two-headed ogre
  7852 | D:9      | XOM: polymorph quasit -> iron imp
  7853 | D:9      | XOM: cleaving
  7857 | D:9      | Killed a two-headed ogre
  7857 | D:9      | Reached skill level 9 in Polearms
  7875 | D:9      | Found a sparkling altar of Nemelex Xobeh.
  7916 | D:9      | XOM: enchant monster (good)
  8019 | D:9      | Found a staircase to the Orcish Mines.
  8102 | D:9      | Found a bloodstained altar of Trog.
  8189 | D:9      | Identified a scroll of acquirement
  8238 | Orc:1    | Entered Level 1 of the Orcish Mines
  8248 | Orc:1    | Noticed Snorg
  8250 | Orc:1    | XOM: enchant monster (good)
  8257 | Orc:1    | Slain by Snorg

Skill      XL: |  1  2  3  4  5  6  7  8  9 10 |
---------------+-------------------------------+-----
Polearms       | 3 4 6 7 8 9 |  9.0
Dodging        | 1 3 4 |  4.0
Armour         | 2 4 5 6 |  6.6
Stealth        | 1 3 4 |  4.9
Fighting       | 6 7 |  7.9
Throwing       | 3 |  3.1
Unarmed Combat | 2 3 |  3.0
Spellcasting   | 2 |  2.9
Evocations     | 3 |  3.2

Action                   |  1- 3 |  4- 6 |  7- 9 | 10-12 || total
-------------------------+-------+-------+-------+-------++-------
Melee: Spear             |   134 |   171 |   575 |    69 ||   949
       Punch             |       |       |     6 |       ||     6
       Unarmed           |       |       |    13 |       ||    13
       Glaive            |       |       |       |    16 ||    16
  Use: Potion            |       |     7 |     8 |     1 ||    16
       Scroll            |       |     5 |    10 |     3 ||    18
 Stab: Sleeping          |     1 |     1 |     1 |       ||     3
       Petrified         |     1 |       |     7 |       ||     8
       Petrifying        |     1 |       |       |       ||     1
       Paralysed         |       |     6 |     8 |       ||    14
       Distracted        |       |     3 |     3 |       ||     6
       Confused          |       |       |     1 |       ||     1
  Eat: Ration            |     1 |       |     5 |     1 ||     7
       Chunk             |       |     2 |     1 |     1 ||     4
Armor: Leather armour    |    50 |     3 |       |       ||    53
       Ring mail         |       |    47 |       |       ||    47
       Scale mail        |       |    20 |    98 |       ||   118
       Plate armour      |       |       |    71 |    37 ||   108
Dodge: Dodged            |    71 |    86 |   175 |    20 ||   352
